Wooble, lawful female human Samurai ---------------- |..............| ##-.............<| ---------- ------------- # |..............| |........| |`.........`|###`...............| |........| |.....`.....|### ------------.--- |).......| |...-----....### |.*.......###############-...|.{.|...|# |...>....| |..`%@@{|`..| ---------- |...|.{.|...| |...-----...| ..... ....| |`.... ....`| ------------- Wooble the Kunoichi Experience level: 8 Strength: 18 Dexterity: 16 Constitution: 18 Intelligence: 13 Wisdom: 9 Charisma: 7 Health: 0(73) Energy: 32(32) Def: 9 Gold: 2818 Moves: 5103 Dungeon seed: zjpRzW23O5NMWxMJ Game ID: Wooble_1433162436 Your Inventory: Coins $ - 2818 gold pieces Amulets X - an uncursed amulet of ESP Weapons a - a corroded +0 katana (weapon in hand) c - a +1 yumi (alternate weapon; not wielded) f - 12 +0 shuriken (in quiver) D - a +0 nunchaku T - a +0 ya Armor e - an uncursed rustproof +0 splint mail (being worn) n - an uncursed +0 helm of brilliance (being worn) q - an uncursed +0 elven cloak (being worn) r - an uncursed +0 pair of jumping boots (being worn) Comestibles A - 3 uncursed tripe rations E - an uncursed gunyoki S - an uncursed fortune cookie Scrolls b - an uncursed scroll of enchant weapon p - an uncursed scroll of scare monster z - 3 uncursed scrolls of identify C - a cursed scroll of teleportation P - 2 uncursed scrolls of earth Q - a blessed scroll of remove curse Potions h - 2 uncursed potions of healing l - a cursed potion of paralysis t - an uncursed potion of levitation F - a blessed potion of healing G - an uncursed potion of restore ability I - 2 uncursed potions of speed L - an uncursed potion of oil M - an uncursed potion of water U - an uncursed potion of sake Rings g - a cursed ring of polymorph w - an uncursed +1 ring of gain constitution x - a cursed ring of teleport control O - a cursed ring of polymorph V - a cursed -1 ring of gain strength Y - an uncursed ring of teleport control Wands i - a wand of slow monster (0:6) o - a wand of slow monster (0:5) N - a wand of polymorph (0:4) R - a wand of secret door detection (0:9) W - a blessed wand of opening (0:5) Z - a wand of speed monster (0:2) Tools k - an uncursed osaku u - a -1 unicorn horn Gems y - an uncursed worthless piece of green glass Spells known in the end: Name Level Category Fail Memory Your skills at the end: Fighting Skills martial arts [Basic] Weapon Skills short sword [Basic] long sword [Skilled] bow [Basic] shuriken [Basic] Spellcasting Skills Final Attributes: You were fervently aligned. You were fire resistant. You were cold resistant. You were shock resistant. You were poison resistant. You were stealthy. You could jump. You were fast. You were lucky. You are dead. Vanquished creatures: 3 giant mimics a water demon 2 giant beetles 2 wolves 2 leprechauns a gnome king 4 brown puddings a dingo a blue jelly a water nymph a gray unicorn a human zombie 4 soldier ants a bugbear 10 Uruk-hai 4 shriekers a violet fungus a gnome lord a red naga hatchling a black naga hatchling 2 gray oozes 3 elf zombies a straw golem 2 floating eyes a kitten a homunculus a kobold lord 5 rothes a rabid rat a centipede a giant bat a monkey an orc zombie a dwarf zombie a wererat 2 werejackals 5 iguanas 2 acid blobs a hobgoblin 2 giant rats a brown mold a green mold a red mold 2 gnomes 3 garter snakes a gnome zombie 2 geckos 5 jackals 5 foxen 3 kobolds 4 goblins 4 sewer rats 5 grid bugs 4 bats 3 kobold zombies 2 newts 124 creatures vanquished. Voluntary challenges: You used a wielded weapon 187 times, starting on turn 88. You read items or engraved 10 times, starting on turn 58. You never genocided any monsters. You polymorphed 1 item, starting on turn 3793. You never changed form. You cheated 1 time but completed Sokoban on turn 4866. You used no wishes. You split 3 puddings, starting on turn 4257. You wrote Elbereth's name 9 times, starting on turn 58. You violated your moral code, losing 1 point of alignment, starting on turn 5101. Dungeon overview: The Dungeons of Doom: levels 1 to 10 Level 1 a fountain a long staircase Level 2 Level 3 an altar to Raijin Level 4 a fountain Level 5 Level 6 a scroll shop Level 7 Level 8 <- You were here many fountains Level 9 stairs to Sokoban Level 10 Sokoban: levels 5 to 8 Level 5 Level 6 Level 7 Level 8 stairs to The Dungeons of Doom History has recorded: On T:1 you entered the Dungeons of Doom to retrieve the Amulet of Yendor! On T:141 you reached level 2 of The Dungeons of Doom. On T:242 you reached level 3 of The Dungeons of Doom. On T:284 you advanced to experience level 2. On T:336 you reached level 4 of The Dungeons of Doom. On T:409 you reached level 5 of The Dungeons of Doom. On T:493 you advanced to experience level 3. On T:506 you reached level 6 of The Dungeons of Doom. On T:1104 you reached level 7 of The Dungeons of Doom. On T:1106 you advanced to experience level 4. On T:1184 you advanced to experience level 5. On T:1255 you reached level 8 of The Dungeons of Doom. On T:1316 you reached level 9 of The Dungeons of Doom. On T:1337 you reached level 10 of The Dungeons of Doom. On T:1350 you reached level 4 of Sokoban. On T:1465 you advanced to experience level 6. On T:1618 you reached level 3 of Sokoban. On T:2010 you reached level 2 of Sokoban. On T:2330 you reached level 1 of Sokoban. On T:2572 you advanced to experience level 7. On T:4653 you advanced to experience level 8. On T:4866 you entered the Sokoban zoo. On T:5097 you received advice from The Oracle. Score breakdown: Gold: 2818 (11736 points) Experience: 8 levels (14739 points) Exploration: 10 levels ( 22.22%) (13568 points) Discoveries: 9 items ( 3.64%) ( 5726 points) Valuables value: (no points given unless you survive) Artifact value: 0 ( 0 points) Variety of kills: 56 monsters ( 14.78%) (11531 points) Time penalty: 5103 turns (-1384 points) Survival: died (score multiplied by 80%) Total score: 44732 Latest messages: You hit the Oracle! You are hit by magic missiles appearing from thin air! You die... Final status: Sayonara Wooble the Samurai, killed by the Oracle... You died in The Dungeons of Doom on dungeon level 8 with 44732 points, and 2818 pieces of gold, after 5103 moves. You were level 8 with a maximum of 73 hit points when you died.